 Dungeon Crawl Stone Soup version 0.31-a0-177-g4aa6249778 (webtiles) character file.

Game seed: 4010867167653484693

799 Moral the Grave Robber (level 7, 0/37 (41) HPs)
             Began as an Octopode Necromancer on June 19, 2023.
             Killed by divine providence
             ... invoked by an orc priest
              (10 damage)
             ... on level 5 of the Dungeon.
             The game lasted 00:15:26 (4784 turns).

Moral the Grave Robber (Octopode Necromancer)       Turns: 4784, Time: 00:15:29

HP:   0/37 (41)     AC:  1    Str:  7    XL:     7   Next: 90%
MP:   4/13          EV: 14    Int: 20    God:
Gold: 219           SH:  0    Dex: 12    Spells: 7/14 levels left

rFire   . . .        (no weapon)
rCold   . . .        (no shield)
rNeg    . . .        (helmet restricted)
rPois   .            (no amulet)
rElec   .            f - ring of flight
rCorr   .            (no ring)
SInv    .            (no ring)
Will    .....        (no ring)
Stlth   ++++         (no ring)
HPRegen 0.26/turn    (no ring)
MPRegen 0.13/turn    (no ring)
                     (no ring)

%: no passive effects
@: flying, drained
A: almost no armour, amphibious, 8 rings, camouflage 1, gelatinous body 1,
(nimble swimmer 1), tentacles
a: no special abilities


You were on level 5 of the Dungeon.
You visited 1 branch of the dungeon, and saw 5 of its levels.

You collected 219 gold pieces.

Inventory:

Jewellery
 d - a ring of protection from fire
 f - a ring of flight (left tentacle)
Scrolls
 b - 2 scrolls of blinking {unknown}
 j - 3 scrolls of teleportation
Potions
 a - a potion of magic
 c - a potion of enlightenment
 e - 2 potions of heal wounds
 g - a potion of berserk rage
 h - a potion of resistance
 l - a potion of haste
 m - a potion of curing


   Skills:
 + Level 3.9 Dodging
 + Level 5.7 Stealth
 + Level 4.4 Spellcasting
 * Level 6.6 Necromancy


You had 7 spell levels left.
You knew the following spells:

 Your Spells              Type           Power      Damage    Failure   Level
a - Necrotise             Necr           100%       1d9       1%          1
b - Animate Dead          Necr           30%        N/A       9%          4
c - Cigotuvi's Dreadful   Necr/Pois/Air  26%        N/A       8%          2

Your spell library contained the following spells:

 Spells                   Type           Power      Damage    Failure   Level
 Vampiric Draining        Necr           30%        2d8       2%          3
 Slow                     Hex            16%        N/A       12%         1
 Blink                    Tloc           8%         N/A       19%         2
 Lesser Beckoning         Tloc           8%         N/A       19%         2
 Momentum Strike          Conj/Tloc      8%         3d8       19%         2
 Agony                    Necr           30%        N/A       22%         5
 Call Canine Familiar     Summ           4%         N/A       36%         3
 Confusing Touch          Hex            4%         N/A       36%         3
 Ignite Poison            Fire/Tmut/Pois 4%         N/A       36%         3
 Portal Projectile        Hex/Tloc       8%         N/A       36%         3
 Leda's Liquefaction      Hex/Erth       2%         N/A       77%         4
 Freezing Cloud           Conj/Ice/Air   2%         6-21      98%         5


Dungeon Overview and Level Annotations

Branches:
Dungeon (5/15)
 Temple: D:4-7

Altars:
Kikubaaqudgha
Wu Jian

Annotations:
D:4 2 transporters, bchevrier's ghost, amateur GnWn


Innate Abilities, Weirdness & Mutations

You cannot wear most types of armour.
You are amphibious.
You can wear up to eight rings at the same time.
Your skin changes colour to match your surroundings (Stealth+).
Your rubbery body absorbs attacks. (AC +1, EV +1)
((You are camouflaged when in or above water. (Stealth+)))
You have tentacles for arms and can constrict up to eight enemies at once.


Message History

Your orc skeleton closely misses the iguana.
The iguana bites your ice beast zombie.
The orc throws a boomerang.
The boomerang hits your adder skeleton.
Aiming: Necrotise (safe; 1% risk of failure)
Press: ? - help, Q - select action, (/) - cycle Shift-Dir - straight line, f/p - iguana
Aim: an iguana (heavily wounded, not watching you, ally target, chance to affect: 88%)
The orc wizard writhes in agony.
Your ice beast zombie misses the iguana.
Your adder skeleton misses the orc.
The iguana bites your ice beast zombie but does no damage.
Aiming: Necrotise (safe; 1% risk of failure)
Press: ? - help, Q - select action, (/) - cycle Shift-Dir - straight line, f/p - iguana
Aim: an iguana (heavily wounded, not watching you, ally target, chance to affect: 88%)
The orc writhes in agony.
Your orc skeleton closely misses the iguana.
Your ice beast zombie hits the iguana but does no damage.
The iguana bites your orc skeleton!
Your orc skeleton is destroyed!
The orc wizard hits you with a +0 club.
Aiming: Necrotise (safe; 1% risk of failure)
Press: ? - help, Q - select action, (/) - cycle Shift-Dir - straight line, f - orc wizard, p - iguana
Aim: an orc wizard, wielding a +0 club and wearing a +0 robe (severely wounded, chance to affect: 83%)
The orc wizard writhes in agony.
Your adder skeleton crumbles into dust!
Your ice beast zombie hits the iguana but does no damage.
The orc hits you with a +0 quarterstaff.
An orc priest comes into view. It is wielding a +0 mace.
The orc wizard points at you and mumbles some strange words.
The puff of flame misses you.
Aiming: Necrotise (safe; 1% risk of failure)
Press: ? - help, Q - select action, (/) - cycle Shift-Dir - straight line, f/p - orc wizard
Aim: an orc wizard, wielding a +0 club and wearing a +0 robe (almost dead, chance to affect: 83%)
The orc wizard writhes in agony.
You kill the orc wizard!
The dead are walking!
The orc hits you with a +0 quarterstaff.
* * * LOW HITPOINT WARNING * * *
The orc priest calls down the wrath of Beogh upon you.
Beogh smites you!
You die...

.............#........#
......o......#........#
.........o...#........#
#####.####)..#.........
#.####...#.........
(.......Z.#.........
........l.##'######
#........o.#.......#
...##..)@.#.......## ..
#.Z...##.......# .
#.....##.......#
.........<.......#
..................#
..................#
..##.....#.......#######
## #########.....#.....#
#......+.....#


You could see an iguana (ally target), an orc priest, an orc (ally target), a
friendly ice beast zombie and a friendly orc wizard skeleton.

Vanquished Creatures
  Sigmund (D:4)
  An ice beast (D:5)
  An ogre (D:3)
  An orc priest (D:3)
  A hound (D:4)
  A sleepcap (D:4)
  2 iguanas
  2 orc wizards
  7 gnolls (D:4)
  5 adders
  3 worms
  7 orcs
  8 ball pythons
  8 bats
  11 endoplasms
  2 giant cockroaches
  17 goblins
  5 hobgoblins
  8 jackals (D:3)
  5 quokkas
  3 frilled lizards
  8 kobolds
  4 rats
111 creatures vanquished.

Vanquished Creatures (collateral kills)
  A scorpion (D:4)
  A goblin (D:1)
  A hobgoblin (D:1)
  2 kobolds
  A rat (D:1)
6 creatures vanquished.

Vanquished Creatures (others)
  A hound zombie (D:4)
  A kobold zombie (D:4)
  An orc zombie (D:4)
  A quokka zombie (D:4)
4 creatures vanquished.

Grand Total: 121 creatures vanquished

Notes
Turn   | Place    | Note
-------+----------+-------------------------------------------
     0 | D:1      | Moral the Octopode Necromancer began the quest for the Orb.
     0 | D:1      | Reached XP level 1. HP: 11/11 MP: 3/3
   119 | D:1      | Reached XP level 2. HP: 9/17 MP: 0/5
   443 | D:1      | Reached XP level 3. HP: 21/21 MP: 1/6
   869 | D:2      | Reached XP level 4. HP: 27/27 MP: 2/8
  2019 | D:3      | Reached XP level 5. HP: 31/31 MP: 6/9
  2132 | D:3      | Reached skill level 5 in Necromancy
  2263 | D:3      | Found an ancient bone altar of Kikubaaqudgha.
  2733 | D:3      | Noticed an ogre
  2972 | D:3      | Killed an ogre
  2973 | D:3      | Reached XP level 6. HP: 18/36 MP: 5/11
  3125 | D:3      | Learned a level 4 spell: Animate Dead
  3467 | D:4      | Found a transporter.
  3470 | D:4      | Noticed bchevrier's ghost (amateur GnWn)
  3472 | D:4      | Found a transporter.
  3572 | D:4      | Noticed Sigmund
  3574 | D:4      | Reached XP level 7. HP: 32/41 MP: 0/13
  3922 | D:4      | Reached skill level 5 in Stealth
  4024 | D:4      | Killed Sigmund
  4025 | D:4      | Reached skill level 6 in Necromancy
  4309 | D:4      | Learned a level 2 spell: Cigotuvi's Dreadful Rot
  4427 | D:5      | Entered Level 5 of the Dungeon
  4690 | D:5      | Found an ornate altar of the Wu Jian Council.
  4784 | D:5      | Killed from afar by an orc priest

Illustrated notes

Levels and vault maps discovered:
D:1:      evilmike_arrival_fibonacci_small, layout_rooms, serial_glass,
          glass_columns_a, glass_columns_a
D:2:      layout_rooms, nicolae_concentric_dashed_squares_wild,
          serial_bayou_lagoon_b
D:3:      layout_loops_ring, mainiacjoe_overflow_brackets, minmay_ogre_servants
D:4:      layout_loops_ring, gammafunk_ghost_mausoleum,
          corexii_item_surrounded_by_moat, uniq_sigmund
D:5:      layout_gridville, kennysheep_mini,
          mainiacjoe_overflow_large_starburst, serial_shops, shop_scrolls

Skill      XL: |  1  2  3  4  5  6  7 |
---------------+----------------------+-----
Stealth        | 3 4 5 |  5.7
Spellcasting   | 3 4 |  4.4
Necromancy     | 5 6 |  6.6
Dodging        | 3 |  3.9

Action                     |  1- 3 |  4- 6 |  7- 9 || total
---------------------------+-------+-------+-------++-------
  Melee: Unarmed           |     8 |    11 |     2 ||    21
         Tentacles         |     3 |     3 |       ||     6
         Constrict         |     1 |     1 |       ||     2
   Cast: Necrotise         |    46 |   150 |    52 ||   248
         Animate Dead      |       |     3 |     3 ||     6
         Cigotuvi's Dreadf |       |       |     2 ||     2
    Use: Scroll            |       |     3 |     7 ||    10
         Potion            |       |     2 |       ||     2
   Stab: Sleeping          |       |     1 |       ||     1
 Armour: Skin              |     6 |     2 |     1 ||     9
  Dodge: Dodged            |    15 |    48 |    13 ||    76

Table legend: (Time is in decaauts)
 A = Elapsed time spent in this place.
 B = Non-inter-level travel time spent in this place.
 C = Inter-level travel time spent in this place.
 D = Time resting spent in this place.
 E = Time spent auto-exploring this place.
 F = Levels seen in this place.
 G = Mean time per level.
                   A        B        C        D        E       F      G
               +--------+--------+--------+--------+--------+-----+--------+
         Total |   4800 |   4709 |     91 |    604 |   3296 |   5 |  960.0 |
       Dungeon |   4800 |   4709 |     91 |    604 |   3296 |   5 |  960.0 |
               +--------+--------+--------+--------+--------+-----+--------+

Top non-repeatable levels by time:
     D:4: 1305 daAuts
     D:2: 1224 daAuts
     D:3: 1080 daAuts
     D:1: 833 daAuts
     D:5: 356 daAuts
